 Dungeon Crawl Stone Soup version 0.24-a0-630-g0d56a851f4 (webtiles) character file.

Game seed: 5887822585307821491, levelgen mode: deterministic

1529 MirrMurr the Jinx (level 8, 0/39 HPs)
             Began as a Spriggan Enchanter on Sept 20, 2019.
             Shot with an arrow by a centaur (6 damage)
             ... on level 5 of the Dungeon.
             The game lasted 00:13:43 (7262 turns).

MirrMurr the Jinx (Spriggan Enchanter)              Turns: 7262, Time: 00:13:44

Health: 0/39       AC:  2    Str:  6    XL:     8   Next: 55%
Magic:  13/15      EV: 20    Int: 16    God:
Gold:   325        SH:  0    Dex: 17    Spells: 3/15 levels left

rFire    . . .     SeeInvis +   a - +2 dagger
rCold    . . .     Gourm    .   (shield restricted)
rNeg     . . .     Faith    .   b - +0 robe
rPois    .         Spirit   .   (helmet restricted)
rElec    .         Reflect  .   (no cloak)
rCorr    .         Harm     .   (gloves unavailable)
MR       +....                  (boots unavailable)
Stlth    ++++......             (no amulet)
HPRegen  0.13/turn              (no ring)
MPRegen  0.14/turn              (no ring)

@: very quick
A: very small, unfitting armour, see invisible, herbivore, speed 3, slow
metabolism 2
a: no special abilities


You were on level 5 of the Dungeon.
You were hungry.

You visited 1 branch of the dungeon, and saw 5 of its levels.

You collected 325 gold pieces.

Inventory:

Hand Weapons
 a - a +2 dagger (weapon)
Missiles
 g - 195 stones (quivered)
 h - 16 sling bullets
 k - a throwing net
 l - 12 poisoned darts
Armour
 b - a +0 robe (worn)
Jewellery
 m - an uncursed ring of ice {unknown}
 p - a +2 ring of intelligence {unknown}
 u - an uncursed ring of poison resistance {unknown}
Wands
 s - a wand of acid (7)
 v - a wand of enslavement (5)
 w - a wand of clouds (7)
Scrolls
 c - a scroll of blinking {unknown}
 n - a scroll of fear
Potions
 d - 2 potions of lignification
 e - 4 potions of curing
 f - a potion of mutation {unknown}
 i - a potion of heal wounds {unknown}
 j - 2 potions of flight {unknown}
 o - a potion of magic {unknown}
 q - 3 potions of haste
 r - a potion of brilliance {unknown}
 t - a potion of degeneration {unknown}


   Skills:
 + Level 2.0 Fighting
 - Level 5.0 Short Blades
 + Level 4.9 Dodging
 - Level 8.0 Stealth
 - Level 4.0 Spellcasting
 - Level 9.5 Hexes


You had 3 spell levels left.
You knew the following spells:

 Your Spells              Type           Power        Failure   Level  Hunger
a - Ensorcelled Hibernat  Hex/Ice        ###...       3%          2    ##.....
b - Confuse               Hex            ####....     1%          3    ###....
c - Tukima's Dance        Hex            ####....     1%          3    ###....
d - Dazzling Spray        Conj/Hex       ###...       7%          3    ###....
C - Corona                Hex            ####...      1%          1    None

Your spell library contained the following spells:

 Spells                   Type           Power        Failure   Level  Hunger


Dungeon Overview and Level Annotations

Branches:
Dungeon (5/15)
 Temple: D:4-7

Altars:
Cheibriados
Nemelex Xobeh
Yredelemnul

Annotations:
D:4 2 runed translucent doors, Erlindor's ghost, amateur KoAs
D:5 2 runed translucent doors


Innate Abilities, Weirdness & Mutations

You are very small and have problems with some larger weapons.
You are too small for most types of armour.
You have supernaturally acute eyesight. (SInv)
You are a herbivore.
You cover ground extremely quickly.
You need to consume almost no food.


Message History

The centaur dies!
Your Fighting skill increases to level 2!
The freed slave looks more experienced.
The centaur unwields a +0 shortbow.
The centaur hits you.
* * * LOW HITPOINT WARNING * * *
Things that are here:
a +0 shortbow; 17 arrows; a centaur corpse The centaur wields a +0 shortbow.
The centaur shoots an arrow.
The arrow closely misses you.
There is an open door here.
You see here 2 arrows.
The centaur shoots an arrow.
The arrow hits the freed slave!
You close the door, pushing everything out of the way.
(D) Dungeon
Where to? (Enter - D:5, ? - help)
You open the door.
The centaur wields a +0 shortbow.
The centaur shoots an arrow.
The arrow barely misses the freed slave.
The arrow hits you.
You die...

##...............## ##..#####.
#.................## ##..## ##
...........####....#####....##
..........##..##....##..p5...##
..........#....'.#............##
....#.....#....#......####.....##
..###.....##..#####..## ##<....#
..####.....##'###.##.# ##.....
...##....#####p'@..#.# .....
...)....##[)ac###.##.# #....
........#.$$)Z# #'#..# ....
........#)....# ....## ....
##......#.=..!# #... .#..
###....##..!## #.... ..
##....##### ##.... ##..#......
##.... ##..###...## #.


You could see a centaur, a worker ant and a neutral freed slave.

Vanquished Creatures
  Pikel (D:5)
  Menkaure (D:5)
  A hornet zombie (D:5)
  A phantom (D:4)
  2 ogres (D:4)
  A crimson imp (D:5)
  A hound (D:4)
  An orc priest (D:3)
  Jessica (D:3)
  4 orc wizards
  5 worker ants
  A hound skeleton (D:5)
  8 adders
  2 oozes (D:1)
  2 worms
  An adder skeleton (D:4)
  6 dart slugs
  A leopard gecko (D:5)
  19 orcs
  6 bats
  A giant cockroach (D:2)
  7 hobgoblins
  8 jackals
  2 quokkas
  3 frilled lizards (D:2)
  7 goblins
  A jackal zombie (D:4)
  7 kobolds
  4 rats
105 creatures vanquished.

Vanquished Creatures (others)
  A centaur (D:5)
  A crimson imp (D:5)
  A jackal skeleton (D:5)
3 creatures vanquished.

Grand Total: 108 creatures vanquished

Notes
Turn   | Place    | Note
-------+----------+-------------------------------------------
     0 | D:1      | MirrMurr the Spriggan Enchanter began the quest for the
                  | Orb.
     0 | D:1      | Reached XP level 1. HP: 9/9 MP: 5/5
   155 | D:1      | Reached XP level 2. HP: 12/13 MP: 6/6
   186 | D:1      | Learned a level 2 spell: Ensorcelled Hibernation
   224 | D:1      | Reached skill level 5 in Stealth
  1375 | D:2      | Reached XP level 3. HP: 16/16 MP: 8/8
  1380 | D:2      | Learned a level 3 spell: Confuse
  2227 | D:2      | Reached XP level 4. HP: 18/21 MP: 1/9
  2819 | D:3      | Noticed Jessica
  3145 | D:3      | Killed Jessica
  3620 | D:3      | Found a sparkling altar of Nemelex Xobeh.
  3736 | D:3      | HP: 1/21 [orc wizard/magic dart (7)]
  3738 | D:3      | Reached XP level 5. HP: 1/24 MP: 1/10
  4804 | D:4      | Reached XP level 6. HP: 28/28 MP: 11/11
  4809 | D:4      | Learned a level 3 spell: Tukima's Dance
  4831 | D:4      | Found a large runed translucent door.
  4832 | D:4      | Found a large runed translucent door.
  5191 | D:4      | Reached skill level 5 in Short Blades
  5426 | D:4      | Reached skill level 4 in Hexes
  5427 | D:4      | Noticed Erlindor's ghost (amateur KoAs)
  5656 | D:4      | Reached skill level 5 in Hexes
  5664 | D:4      | Reached XP level 7. HP: 30/32 MP: 4/14
  5776 | D:4      | Reached skill level 6 in Hexes
  5974 | D:5      | Entered Level 5 of the Dungeon
  6021 | D:5      | Found a large runed translucent door.
  6021 | D:5      | Found a large runed translucent door.
  6079 | D:5      | Found a snail-covered altar of Cheibriados.
  6226 | D:5      | Reached skill level 7 in Hexes
  6354 | D:5      | Found a basalt altar of Yredelemnul.
  6429 | D:5      | Noticed Pikel
  6442 | D:5      | Killed Pikel
  6442 | D:5      | Reached skill level 9 in Hexes
  6442 | D:5      | Reached XP level 8. HP: 30/36 MP: 10/15
  6447 | D:5      | Learned a level 3 spell: Dazzling Spray
  6566 | D:5      | Noticed Menkaure
  6595 | D:5      | Killed Menkaure
  6595 | D:5      | Reached skill level 1 in Fighting
  7262 | D:5      | Shot with an arrow by a centaur

Levels and vault maps discovered:
D:1:      scummos_arrival_forest, layout_basic
D:2:      layout_basic
D:3:      layout_basic, lemuel_round_altar, first_ration, minivault_25,
          chequers_serial_rivers_marsh, kennysheep_generic_room_11, uniq_jessica
D:4:      layout_layer_cave, ebering_ghost_disaster_area
D:5:      layout_layer_cave, kennysheep_slug_shrine,
          nicolae_overflow_crystal_walls, ebering_ghost_disaster_area,
          minmay_joined_circles, uniq_menkaure, uniq_pikel

Skill      XL: |  1  2  3  4  5  6  7  8 |
---------------+-------------------------+-----
Stealth        | 5 6 7 8 |  8.0
Short Blades   | 2 3 4 5 |  5.0
Spellcasting   | 4 |  4.0
Hexes          | 5 9 |  9.5
Fighting       | 2 |  2.0
Dodging        | 4 |  4.9

Action                   |  1- 3 |  4- 6 |  7- 9 || total
-------------------------+-------+-------+-------++-------
Melee: Dagger            |    97 |   191 |   137 ||   425
 Cast: Corona            |     2 |       |       ||     2
       Ensorcelled Hiber |    23 |    52 |    16 ||    91
       Confuse           |     2 |     5 |     3 ||    10
  Use: Scroll            |     3 |     4 |     1 ||     8
 Stab: Sleeping          |    21 |    35 |    13 ||    69
       Distracted        |     1 |       |       ||     1
       Confused          |     1 |     3 |     3 ||     7
  Eat: Ration            |       |     4 |     1 ||     5
Armor: Robe              |    12 |    14 |     5 ||    31
Dodge: Dodged            |    60 |   169 |    86 ||   315

Table legend:
 A = Non-vault XP
 B = Vault XP
 C = Vault XP percentage of total XP
 D = Non-vault monster count
 E = Vault monster count
 F = Vault count percentage of total count
                 A         B        C        D         E       F
            +---------+---------+-------+---------+---------+-------
      Total |    1099 |    1086 |  49.7 |      97 |       9 |   8.5
            +---------+---------+-------+---------+---------+-------
        D:1 |      38 |       0 |   0.0 |      16 |       0 |   0.0
        D:2 |      80 |       0 |   0.0 |      24 |       0 |   0.0
        D:3 |     195 |      42 |  17.7 |      27 |       3 |  10.0
        D:4 |     691 |       0 |   0.0 |      24 |       0 |   0.0
        D:5 |      95 |    1044 |  91.7 |       6 |       6 |  50.0
            +---------+---------+-------+---------+---------+-------
